 Dungeon Crawl Stone Soup version 0.32-a0-872-g59262bdc9b (webtiles) character file.

Game seed: 8977963519160677218

30 PriceMaster the Magician (level 3, -1/22 (24) HPs)
             Began as a Demonspawn Hedge Wizard on Mar 30, 2024.
             Frozen to death by an endoplasm (4 damage)
             ... on level 2 of the Dungeon.
             The game lasted 00:02:29 (1198 turns).

PriceMaster the Magician (Demonspawn Hedge Wizard)  Turns: 1198, Time: 00:02:30

HP:   -1/22 (24)    AC:  3    Str: 12    XL:     3   Next: 3%
MP:   7/8           EV: 11    Int: 14    God:
Gold: 50            SH:  4    Dex: 12    Spells: 4/9 levels left

rFire   . . .        e - staff of air
rCold   . . .        (no shield)
rNeg    . . .        b - +0 robe
rPois   .            c - +0 hat
rElec   +            h - +0 cloak
rCorr   .            (no gloves)
SInv    .            (no boots)
Will    .....        (no amulet)
Stlth   ++           (no ring)
HPRegen 0.23/turn    (no ring)
MPRegen 0.11/turn

%: no passive effects
@: drained
A: horns 1, large bone plates 1
a: no special abilities


You were on level 2 of the Dungeon.
You visited 1 branch of the dungeon, and saw 2 of its levels.

You collected 50 gold pieces.

Inventory:

Hand Weapons
 a - a +0 dagger
Armour
 b - a +0 robe (worn)
 c - a +0 hat (worn)
 h - a +0 cloak (worn)
Magical Staves
 e - a staff of air (weapon)
Jewellery
 g - a +6 ring of dexterity
 j - an amulet of reflection
Scrolls
 f - 2 scrolls of torment {unknown}
 i - a scroll of identify {unknown}
 k - a scroll of vulnerability {unknown}
 l - a scroll of silence {unknown}
 m - a scroll of teleportation {unknown}


   Skills:
 + Level 1.9 Dodging
 + Level 2.0 Stealth
 + Level 3.7 Spellcasting
 + Level 1.4 Conjurations
 + Level 1.0 Summonings
 + Level 0.8 Translocations


You had 4 spell levels left.
You knew the following spells:

 Your Spells              Type           Power      Damage    Failure   Level
a - Magic Dart            Conj           24%        1d4       12%         1
b - Blink                 Tloc           10%        N/A       22%         2
c - Cigotuvi's Dreadful   Necr/Alch/Air  8%         N/A       30%         2

Your spell library contained the following spells:

 Spells                   Type           Power      Damage    Failure   Level
 Slow                     Hex            8%         N/A       21%         1
 Call Imp                 Summ           10%        N/A       21%         2
 Mephitic Cloud           Conj/Alch/Air  5%         N/A       43%         3


Dungeon Overview and Level Annotations

Branches:
Dungeon (2/15)

Altars:


Innate Abilities, Weirdness & Mutations

You have a pair of small horns on your head.
You are partially covered in large bone plates. (SH +4)


Message History

Casting: Magic Dart (safe; 12% risk of failure)
Confirm with . or Enter, or press ? or * to list all spells.
You don't have enough magic to cast this spell.
Unknown command.
You hit the endoplasm but do no damage.
The endoplasm is lightly wounded.
The endoplasm freezes you.
You are frozen.
You are too injured to fight recklessly!
Casting: Magic Dart (safe; 12% risk of failure)
Confirm with . or Enter, or press ? or * to list all spells.
You don't have enough magic to cast this spell.
You see here a dart slug corpse.
Your magical contamination has completely faded away.
The endoplasm jiggles.
The endoplasm attacks as it pursues you!
The endoplasm hits you.
* * * LOW HITPOINT WARNING * * *
Casting: Magic Dart (safe; 12% risk of failure)
Confirm with . or Enter, or press ? or * to list all spells.
Aiming: Magic Dart (safe; 12% risk of failure)
Press: ? - help, Shift-Dir - straight line, f/p - endoplasm
Aim: an endoplasm (lightly wounded, 100% to hit)
The magic dart hits the endoplasm.
The endoplasm is heavily wounded.
The endoplasm freezes you.
You are frozen.
* * * LOW HITPOINT WARNING * * *
Okay, then.
Magic courses through your body. The endoplasm misses you.
Casting: Magic Dart (safe; 12% risk of failure)
Confirm with . or Enter, or press ? or * to list all spells.
Aiming: Magic Dart (safe; 12% risk of failure)
Press: ? - help, Shift-Dir - straight line, f/p - endoplasm
Aim: an endoplasm (heavily wounded, 100% to hit)
The magic dart hits the endoplasm.
The endoplasm is almost dead.
The endoplasm freezes you.
You are frozen.
You die...

. .. ##. #.[ #.##
#..###
########.@.#
#........J.#####.
#..).............
#......<.†....###
#...........#.#
#.........<##.#
#.....$....# #
#..........#
##########...


You could see an endoplasm.

Vanquished Creatures
  A dart slug (D:2)
  2 ball pythons (D:1)
  3 endoplasms (D:1)
  3 giant cockroaches (D:1)
  A goblin (D:1)
  3 hobgoblins (D:1)
  6 kobolds
  A quokka (D:1)
  A bat (D:1)
  3 rats (D:1)
24 creatures vanquished.

Notes
Turn   | Place    | Note
-------+----------+-------------------------------------------
     0 | D:1      | PriceMaster the Demonspawn Hedge Wizard began the quest for
                  | the Orb.
     0 | D:1      | Reached XP level 1. HP: 13/13 MP: 4/4
   264 | D:1      | Gained mutation: You are partially covered in large bone
                  | plates. (SH +4) [demonic ancestry]
   264 | D:1      | Reached XP level 2. HP: 19/19 MP: 0/6
   465 | D:1      | Learned a level 2 spell: Blink
  1026 | D:1      | Upgraded the game from 0.32-a0-871-ge202e49faa to
                  | 0.32-a0-872-g59262bdc9b
  1131 | D:1      | Learned a level 2 spell: Cigotuvi's Dreadful Rot
  1173 | D:2      | Gained mutation: You have a pair of small horns on your
                  | head. [demonic ancestry]
  1173 | D:2      | Reached XP level 3. HP: 8/22 MP: 0/8
  1198 | D:2      | Frozen to death by an endoplasm

Illustrated notes

Levels and vault maps discovered:
D:1:      eino_arrival_water_cross, layout_basic, corner_web_ring
D:2:      layout_rooms, uniq_natasha, uniq_terence

Skill      XL: |  1  2 |
---------------+-------+-----
Stealth        | 2 |  2.0
Dodging        | |  1.9
Spellcasting   | |  3.7
Conjurations   | |  1.4
Summonings     | |  1.0
Translocations | |  0.8

Action                     || total
---------------------------++-------
  Melee: Staff             ||    42
   Cast: Magic Dart        ||    65
         Blink             ||     1
         Cigotuvi's Dreadf ||     1
    Use: Potion            ||     1
 Armour: Robe              ||    34
  Dodge: Dodged            ||    27
  Block: Other             ||     9

Table legend: (Time is in decaauts)
 A = Elapsed time spent in this place.
 B = Non-inter-level travel time spent in this place.
 C = Inter-level travel time spent in this place.
 D = Time resting spent in this place.
 E = Time spent auto-exploring this place.
 F = Levels seen in this place.
 G = Mean time per level.
                   A        B        C        D        E       F      G
               +--------+--------+--------+--------+--------+-----+--------+
         Total |   1205 |   1187 |     18 |      0 |    911 |   2 |  602.5 |
       Dungeon |   1205 |   1187 |     18 |      0 |    911 |   2 |  602.5 |
               +--------+--------+--------+--------+--------+-----+--------+

Top non-repeatable levels by time:
     D:1: 1155 daAuts
     D:2: 50 daAuts
